 Dungeon Crawl Stone Soup version 0.17.2 (webtiles) character file.

420 Goblin1989 the Covert (level 6, -1/30 HPs)
             Began as a Vine Stalker Assassin on May 16, 2016.
             Was an Initiate of Ru.
             Slain by an iguana (5 damage)
             ... on level 4 of the Dungeon.
             The game lasted 00:13:27 (1433 turns).

Goblin1989 the Covert (Vine Stalker Assassin)       Turns: 1433, Time: 00:13:27

Health: -1/30      AC:  5    Str: 13    XL:     6   Next: 94%
Magic:  0/7        EV: 11    Int: 11    God:    Ru [......]
Gold:   62         SH:  0    Dex: 18    Spells: 0 memorised, 5 levels left

rFire  . . .     SeeInvis .     q - +0 blowgun
rCold  . . .     Clarity  .     c - +0 robe
rNeg   . . .     SustAt   .     (no shield)
rPois  .         Gourm    .     (no helmet)
rElec  .         Spirit   +     d - +0 cloak
rCorr  .         Warding  .     (no gloves)
rMut   .         Stasis   .     (no boots)
MR     .....                    (no amulet)
Stlth  ++++......               l - ring of flight {+Fly, !d}
                                n - +2 ring of protection

@: not resistant to hostile enchantments, stealthy
A: fangs 2, regeneration 2, magic shield, antimagic bite, no device heal 3, rot
immunity
a: Renounce Religion, Evoke Flight


You were on level 4 of the Dungeon.
You worshipped Ru.
Ru was noncommittal.
You were not hungry.

You visited 1 branch of the dungeon, and saw 4 of its levels.
You also visited: Ossuary.

You collected 62 gold pieces.

Inventory:

Hand Weapons
 a - a +2 dagger
 m - a +0 short sword of protection
 q - a +0 blowgun (weapon)
 w - a +0 scythe
Missiles
 e - 4 poisoned needles (quivered)
 r - 3 javelins
 z - a throwing net {=f, !d}
Armour
 c - a +0 robe (worn)
 d - a +0 cloak (worn)
Jewellery
 l - a ring of flight (right hand) {+Fly, !d}
 n - a +2 ring of protection (left hand)
Wands
 y - a wand of lightning (5)
Scrolls
 b - 4 scrolls of identify {unknown}
 k - a scroll of remove curse {unknown}
Potions
 h - 3 potions of agility {unknown}
 i - 4 potions of curing {unknown}
 j - a potion of degeneration {unknown}
 o - a potion of brilliance {unknown}
 p - a potion of poison {unknown}
 s - a potion of lignification {unknown}
 t - 3 potions of might {unknown}
 v - a potion of invisibility {unknown}
 x - 2 potions of heal wounds {unknown}
Comestibles
 g - a bread ration
 u - 3 fruits


   Skills:
 - Level 1.7 Fighting
 * Level 3.6 Short Blades
 - Level 1.7 Throwing
 - Level 0.7 Dodging
 + Level 9.2 Stealth


You had 5 spell levels left.
You didn't know any spells.

Dungeon Overview and Level Annotations

Branches:
Dungeon (4/15)
 Temple: D:4-7

Altars:
Ru
Zin


Innate Abilities, Weirdness & Mutations

You have extremely sharp teeth.
You heal very quickly.
When hurt, damage is shared between your health and your magic reserves.
Your bite disrupts and absorbs the magic of your enemies.
Potions and wands cannot restore your health.
You are immune to rotting.


Message History

The iguana bites you.
* * * LOW HITPOINT WARNING * * *
You finish eating.
That bread ration really hit the spot!
You take 2 damage, and have 7/30 hp.
Wield which item (- for none, * to show all)? (? for menu, Esc to quit)
q - a +0 blowgun (weapon)
Aim: an iguana (lightly wounded)
You shoot a curare-tipped needle.
The curare-tipped needle barely misses the iguana.
The iguana barely misses you.
Aim: an iguana (lightly wounded)
You shoot a curare-tipped needle.
The curare-tipped needle closely misses the iguana.
The iguana bites you!
* * * LOW HITPOINT WARNING * * *
You take 6 damage, and have 2/30 hp.
You now have 0/7 mp.
Aim: an iguana (lightly wounded)
You shoot a poisoned needle. The poisoned needle hits the iguana!
The iguana is poisoned.
The iguana bites you.
You die...

#######.## *,,,* ************* ##
#...#**,>,***,,,,,,,,,,,*
.#####..##...,...###********,*
.....#..#*.>.♣.<.#..,* *,*
.###.#..#*,.....,#.#.* *,* .#
#.#..###♣...♣*#.#.#######,*
.###......##...* #.#.......#,****
.....#..##.##.####.##.......,,,,,
#.##.#..##.#(((l@.....#***,*,****
.....#..##.#.).###.#..#,,*,*,*
##.###..##.#.#.((.(#..#,**,*,*
.....#..##.#.#.#####..#,**,*,****
###..#..##.#.#######..#,*,,,,,,,,
*..#..##.#......†...#,,,,*,****
*#.#,,*#.#########.####.#*,*
*.#,,*#..................,****
*.#,,*###########.####...,,,,,


You could see an iguana.

Vanquished Creatures
  An ogre (D:4)
  A water moccasin zombie (Ossuary)
  A hound (D:4)
  An orc priest (D:3)
  3 big kobold zombies (Ossuary)
  3 mummies
  4 adders
  An ooze (D:1)
  6 adder zombies (Ossuary)
  An adder skeleton (D:4)
  A worm (D:4)
  A giant gecko (D:4)
  5 orcs (D:3)
  4 bats
  3 giant cockroaches
  5 gnoll zombies (Ossuary)
  7 goblins
  4 hobgoblins
  11 jackals
  3 hobgoblin zombies (Ossuary)
  5 kobolds
  5 kobold zombies (Ossuary)
  3 orc zombies (Ossuary)
  A quokka (D:4)
  4 rats
84 creatures vanquished.

Notes
Turn   | Place    | Note
--------------------------------------------------------------
     0 | D:1      | Goblin1989 the Vine Stalker Assassin began the quest for the Orb.
     0 | D:1      | Reached XP level 1. HP: 11/11 MP: 2/2
   110 | D:1      | Reached skill level 5 in Stealth
   160 | D:2      | Reached XP level 2. HP: 15/15 MP: 3/3
   299 | D:1      | Reached XP level 3. HP: 18/18 MP: 4/4
   304 | D:1      | Reached skill level 6 in Stealth
   436 | D:3      | Reached XP level 4. HP: 6/23 MP: 2/5
   621 | D:3      | Reached skill level 7 in Stealth
   686 | D:2      | Found a sacrificial altar of Ru.
   696 | D:2      | Became a worshipper of Ru the Awakened
   753 | D:2      | Found a glowing silver altar of Zin.
   933 | D:4      | Reached XP level 5. HP: 26/26 MP: 6/6
   944 | D:4      | Found a sand-covered staircase.
   961 | Ossuary  | Entered an ossuary
  1010 | Ossuary  | Reached skill level 8 in Stealth
  1074 | Ossuary  | Gained mutation: You heal very quickly. [Vine Stalker growth]
  1074 | Ossuary  | Reached XP level 6. HP: 24/30 MP: 7/7
  1330 | D:4      | Noticed an ogre
  1367 | D:4      | Killed an ogre
  1367 | D:4      | Reached skill level 9 in Stealth
  1433 | D:4      | Slain by an iguana

Action                   |  1- 3 |  4- 6 || total
-------------------------+-------+-------++-------
Melee: Dagger            |    76 |   205 ||   281
 Fire: Blowgun           |     6 |    19 ||    25
Throw: Javelin           |       |     3 ||     3
  Use: Scroll            |       |     2 ||     2
 Stab: Sleeping          |     1 |    17 ||    18
       Distracted        |       |     1 ||     1
  Eat: Bread ration      |       |     1 ||     1
